 Dungeon Crawl Stone Soup version 0.28.0-45-g0d030f2227 (webtiles) character file.

Game seed: 10145214565967650365

58 L33tCrusader the Slinger (level 4, 0/38 HPs)
             Began as a Gnoll Hunter on Apr 7, 2022.
             Was a Believer of Makhleb.
             Slain by an iron imp (9 damage)
             ... summoned by Eustachio
             ... on level 4 of the Dungeon.
             The game lasted 00:10:32 (1423 turns).

L33tCrusader the Slinger (Gnoll Hunter)             Turns: 1423, Time: 00:10:33

Health: 0/38       AC:  5    Str: 11    XL:     4   Next: 2%
Magic:  5/5        EV: 12    Int: 10    God:    Makhleb [**....]
Gold:   60         SH:  0    Dex: 15    Spells: 5/5 levels left

rFire   . . .      SeeInvis .   f - +1 short sword (drain)
rCold   . . .      Faith    .   (no shield)
rNeg    . . .      Spirit   .   h - +0 ring mail
rPois   .          Reflect  .   (no helmet)
rElec   .          Harm     .   (no cloak)
rCorr   .          Rampage  .   (no gloves)
Will    .....                   (no boots)
Stlth   +.........              (no amulet)
HPRegen 0.12/turn               (no ring)
MPRegen 0.09/turn               (no ring)

@: no status effects
A: fangs 1, strong nose, distributed training
a: Renounce Religion, Minor Destruction


You were on level 4 of the Dungeon.
You worshipped Makhleb.
Makhleb was pleased with you.
You visited 1 branch of the dungeon, and saw 3 of its levels.

You collected 60 gold pieces.

Inventory:

Hand Weapons
 a - a +1 hunting sling
 f - a +1 short sword of draining (weapon)
Missiles
 d - a sling bullet
 e - 7 stones (quivered)
Armour
 h - a +0 ring mail (worn)
Scrolls
 b - 3 scrolls of identify
 i - a scroll of teleportation
Potions
 c - a potion of might {unknown}
 j - 2 potions of mutation {unknown}


   Skills:
 + Level 4.6 Fighting
 + Level 1.0 Short Blades
 + Level 1.0 Long Blades
 + Level 1.0 Axes
 + Level 1.0 Maces & Flails
 + Level 1.0 Polearms
 + Level 1.0 Staves
 + Level 8.5 Slings
 + Level 1.0 Bows
 + Level 1.0 Crossbows
 + Level 1.0 Throwing
 + Level 1.0 Armour
 + Level 4.6 Dodging
 + Level 2.5 Stealth
 + Level 1.0 Shields
 + Level 1.0 Unarmed Combat
 + Level 1.0 Spellcasting
 + Level 0.7 Conjurations
 + Level 0.7 Hexes
 + Level 0.7 Summonings
 + Level 0.7 Necromancy
 + Level 0.7 Translocations
 + Level 0.7 Transmutations
 + Level 0.7 Fire Magic
 + Level 0.7 Ice Magic
 + Level 0.7 Air Magic
 + Level 0.7 Earth Magic
 + Level 0.7 Poison Magic
 + Level 1.1 Invocations
 + Level 1.0 Evocations


You had 5 spell levels left.
You didn't know any spells.
Your spell library contained the following spells:

 Spells                   Type           Power      Damage    Failure   Level
 Ensorcelled Hibernation  Hex/Ice        4%         N/A       65%         2
 Spider Form              Tmut/Pois      2%         N/A       87%         3
 Anguish                  Hex/Necr       1%         N/A       99%         4


Dungeon Overview and Level Annotations

Branches:
Dungeon (2/15)

Altars:
Makhleb
Sif Muna

Annotations:
D:4 Eustachio


Innate Abilities, Weirdness & Mutations

You have very sharp teeth.
Your uncanny sense of smell can sniff out nearby items.
Your experience applies equally to all skills.


Message History

Press: ? - help, Q - select action, (/) - cycle Shift-Dir - straight line, f/p - Eustachio
Aim: Eustachio, wielding a +0 falchion and wearing a +0 leather armour (severely wounded, 57% to hit)
You shoot a sling bullet.
The sling bullet completely misses Eustachio.
The adder bites you but does no damage. The iron imp completely misses you.
You sense an unholy aura.
f - a +1 short sword of draining (weapon)
The adder misses you. The shadow imp gestures at you.
Pain shoots through your body!
Eustachio screams, "Hey, you killed my favourite bat!"
Eustachio closely misses you.
You hit Eustachio but do no damage. You drain Eustachio.
Eustachio is almost dead.
The iron imp closely misses you. The adder bites you.
You are poisoned.
The adder poisons you! The shadow imp barely misses you.
The crimson imp blinks!
Eustachio closely misses you.
You hit Eustachio. You bite Eustachio, but do no damage.
Eustachio is almost dead.
You feel sick. The adder closely misses you. The iron imp hits you.
The shadow imp closely misses you.
Eustachio gestures wildly while chanting.
Eustachio blinks!
The adder misses you.
You hit the iron imp.
The iron imp is almost dead.
You feel sick.
The shadow imp hits you but does no damage.
The adder bites you. The iron imp hits you!
* * * LOW HITPOINT WARNING * * *
The crimson imp blinks!
You feel better. The adder bites you but does no damage.
The shadow imp hits you. The iron imp hits you.
Eustachio twirls his moustache.
You hit the iron imp but do no damage. Your bite misses the iron imp.
The iron imp is almost dead.
The adder bites you. The shadow imp hits you.
* * * LOW HITPOINT WARNING * * *
The adder barely misses you. The iron imp hits you!
You die...

. ###########
..#####..........
..(....(.........
....(.5.@........
.....(S@.........
..#####5.).......
#..........
#(.........
#..!.......
#$.........
+..........
#..5....(..


You could see Eustachio (drained), an iron imp (summoned), a crimson imp
(summoned), an adder and a shadow imp (summoned).

Vanquished Creatures
  An adder (D:2)
  A dart slug (D:1)
  3 bats
  5 endoplasms
  3 giant cockroaches (D:1)
  2 goblins (D:2)
  3 hobgoblins
  6 jackals (D:1)
  2 quokkas
  3 ball pythons
  4 frilled lizards
  6 kobolds
  4 rats
43 creatures vanquished.

Notes
Turn   | Place    | Note
-------+----------+-------------------------------------------
     0 | D:1      | L33tCrusader the Gnoll Hunter began the quest for the Orb.
     0 | D:1      | Reached XP level 1. HP: 20/20 MP: 1/1
   107 | D:1      | Reached XP level 2. HP: 26/26 MP: 2/2
   231 | D:1      | Found a faded altar of an unknown god.
   241 | D:1      | Prayed at the altar of an unknown god.
   241 | D:1      | Became a worshipper of Makhleb the Destroyer
   241 | D:1      | Reached * piety under Makhleb
   468 | D:1      | Reached XP level 3. HP: 31/31 MP: 3/3
   897 | D:2      | Reached ** piety under Makhleb
   934 | D:2      | Reached skill level 1 in Invocations
   967 | D:2      | Found a shimmering blue altar of Sif Muna.
  1207 | D:2      | Reached skill level 1 in Short Blades
  1207 | D:2      | Reached skill level 1 in Long Blades
  1207 | D:2      | Reached skill level 1 in Axes
  1207 | D:2      | Reached skill level 1 in Maces & Flails
  1207 | D:2      | Reached skill level 1 in Polearms
  1207 | D:2      | Reached skill level 1 in Staves
  1207 | D:2      | Reached skill level 1 in Bows
  1207 | D:2      | Reached skill level 1 in Crossbows
  1207 | D:2      | Reached skill level 1 in Throwing
  1207 | D:2      | Reached skill level 1 in Armour
  1207 | D:2      | Reached skill level 1 in Shields
  1207 | D:2      | Reached skill level 1 in Unarmed Combat
  1207 | D:2      | Reached skill level 1 in Spellcasting
  1207 | D:2      | Reached skill level 1 in Evocations
  1207 | D:2      | Reached XP level 4. HP: 25/38 MP: 5/5
  1404 | D:2      | You fall into a shaft and drop 2 floors!
  1404 | D:4      | Noticed Eustachio
  1423 | D:4      | Slain by an iron imp

Illustrated notes

Levels and vault maps discovered:
D:1:      heliophobic_arrival_battle_scene, layout_loops_cross,
          ebering_ecumenical_altar_ruins
D:2:      layout_loops_ring, basic_altar, minmay_strange_pillars
D:4:      layout_basic, amcnicky_altar_gilded, uniq_eustachio

Skill      XL: |  1  2  3 |
---------------+----------+-----
Invocations    | 1 |  1.1
Short Blades   | 1 |  1.0
Long Blades    | 1 |  1.0
Axes           | 1 |  1.0
Maces & Flails | 1 |  1.0
Polearms       | 1 |  1.0
Staves         | 1 |  1.0
Bows           | 1 |  1.0
Crossbows      | 1 |  1.0
Throwing       | 1 |  1.0
Armour         | 1 |  1.0
Shields        | 1 |  1.0
Unarmed Combat | 1 |  1.0
Spellcasting   | 1 |  1.0
Evocations     | 1 |  1.0
Fighting       | |  4.6
Slings         | |  8.5
Dodging        | |  4.6
Stealth        | |  2.5
Conjurations   | |  0.7
Hexes          | |  0.7
Summonings     | |  0.7
Necromancy     | |  0.7
Translocations | |  0.7
Transmutations | |  0.7
Fire Magic     | |  0.7
Ice Magic      | |  0.7
Air Magic      | |  0.7
Earth Magic    | |  0.7
Poison Magic   | |  0.7

Action                   |  1- 3 |  4- 6 || total
-------------------------+-------+-------++-------
Melee: Short sword       |    24 |     4 ||    28
       Bite              |     2 |     1 ||     3
 Fire: Hunting sling     |    66 |    10 ||    76
  Use: Scroll            |     2 |       ||     2
       Potion            |       |     1 ||     1
Armor: Leather armour    |     3 |       ||     3
       Ring mail         |    13 |     7 ||    20
Dodge: Dodged            |    16 |    12 ||    28
